 Dungeon Crawl Stone Soup version 0.27.1-35-g4d5d836560 (webtiles) character file.

Game seed: 4774922269614935115

153 cbfl8 the Chopper (level 5, -13/47 HPs)
             Began as a Minotaur Chaos Knight on July 31, 2022.
             Was a Plaything of Xom.
             Mangled by an orc warrior (18 damage)
             ... on level 4 of the Dungeon.
             The game lasted 00:03:50 (2948 turns).

cbfl8 the Chopper (Minotaur Chaos Knight)           Turns: 2948, Time: 00:03:51

Health: -13/47     AC: 14    Str: 13    XL:     5   Next: 12%
Magic:  4/4        EV:  9    Int: 11    God:    Xom [......]
Gold:   130        SH:  0    Dex: 16    Spells: 4/4 levels left

rFire    . . .     SeeInvis +   a - +0 hand axe (chaos)
rCold    . . .     Faith    .   (no shield)
rNeg     . . .     Spirit   .   p - +6 scale mail "Niach" {Fly Will- Dex+6}
rPois    .         Reflect  .   (helmet restricted)
rElec    .         Harm     .   (no cloak)
rCorr    .         Rampage  .   m - +0 pair of gloves
Will     .....                  (no boots)
Stlth    ..........             (no amulet)
HPRegen  0.15/turn              d - ring of see invisible
MPRegen  0.09/turn              (no ring)

@: flying
A: horns 2, retaliatory headbutt, clever 1, weak 2
a: Renounce Religion


You were on level 4 of the Dungeon.
You worshipped Xom.
You were a very special plaything of Xom.
You visited 1 branch of the dungeon, and saw 4 of its levels.

You collected 130 gold pieces.

Inventory:

Hand Weapons
 a - a +0 hand axe of chaos (weapon)
Armour
 b - a +2 leather armour
 l - a +0 scale mail
 m - a +0 pair of gloves (worn)
 p - the +6 scale mail "Niach" (worn) {Fly Will- Dex+6}
   (Xom gifted it to you on level 3 of the Dungeon)

   Dex:       It affects your dexterity (+6).
   Fly:       It grants you flight.
   Will:      It decreases your willpower.
Jewellery
 d - a ring of see invisible (left hand)
Scrolls
 e - 2 scrolls of fear {unknown}
 f - 2 scrolls of magic mapping {unknown}
 g - 2 scrolls of enchant weapon {unknown}
 i - 2 scrolls of teleportation {unknown}
 j - 2 scrolls of noise {unknown}
 k - a scroll of blinking {unknown}
 n - a scroll of vulnerability {unknown}
 q - a scroll of fog {unknown}
Potions
 c - a potion of brilliance {unknown}
 h - 2 potions of attraction {unknown}
 o - a potion of might {unknown}
 r - a potion of cancellation {unknown}


   Skills:
 * Level 4.3 Fighting
 * Level 5.8 Axes
 + Level 3.2 Armour
 * Level 2.1 Dodging


You had 4 spell levels left.
You didn't know any spells.
Your spell library contained the following spells:

 Spells                   Type           Power      Damage    Failure   Level
 Conjure Flame            Conj/Fire      0%         6-21      99%         3
 Ignite Poison            Fire/Tmut/Pois 0%         N/A       99%         3
 Sticky Flame             Conj/Fire      0%         2d3       100%        4


Dungeon Overview and Level Annotations

Branches:
Dungeon (4/15)
 Temple: D:4-7

Altars:


Innate Abilities, Weirdness & Mutations

You have a pair of horns on your head.
You reflexively headbutt those who attack you in melee.
Your mind is acute. (Int +2)
You are very weak. (Str -4)


Message History

The orc priest is moderately wounded.
You hit the orc. Lightning courses through the orc!
You kill the orc!
The orc priest hits you but does no damage.
You hit the orc priest. You freeze the orc priest.
The orc priest is severely wounded.
You hit the orc but do no damage.
The orc priest miscasts a cantrip.
You hit the orc priest but do no damage.
The orc priest is severely wounded.
You hit the orc. You drain the orc. The orc barely misses you.
The orc priest hits you but does no damage.
You completely miss the orc priest. Your headbutt misses the orc priest.
The orc priest is severely wounded.
You barely miss the orc warrior. You completely miss the orc.
The orc warrior hits you but does no damage.
The orc hits you but does no damage.
The orc priest hits you with a +0 short sword.
The orc hits you from afar with a +0 trident.
You hit the orc priest.
The orc priest seems to speed up.
Your headbutt misses the orc priest.
The orc priest is severely wounded.
You hit the orc.
You hit the orc warrior but do no damage.
The orc warrior hits you with a +0 scimitar!!
Ouch! That really hurt!
The orc priest calls down the wrath of Beogh upon you.
Pain shoots through your body!
* * * LOW HITPOINT WARNING * * *
The orc hits you with a +0 hand axe.
* * * LOW HITPOINT WARNING * * *
The orc hits you but does no damage.
You closely miss the orc priest. You headbutt the orc priest.
You kill the orc priest!
You hit the orc but do no damage. You drain the orc.
You kill the orc!
You hit the orc warrior but do no damage.
The orc warrior hits you with a +0 scimitar!!
You die...
Xom chuckles heartily!

######################
#............... ..$..o
###..)........... ....>.
.....########...##...##
###...### ##....)oo...##
..†)....###(...?@).....#
.....##..##............#
...(.....##............#
..........(...........##
..#..###....#...##...##
........##.............
..........##.....######.
#...####...........
#..## ##.####..####


You could see an orc warrior (strong) and an orc.

Vanquished Creatures
  A hound (D:4)
  An orc priest (D:4)
  An orc wizard (D:4)
  A hound skeleton (D:4)
  2 adders
  An adder skeleton (D:4)
  2 worms (D:3)
  2 dart slugs
  3 orcs
  6 endoplasms
  4 giant cockroaches
  6 goblins
  4 hobgoblins
  2 kobolds (D:2)
  4 quokkas
  6 ball pythons
  4 bats
  2 frilled lizards (D:1)
  6 rats
58 creatures vanquished.

Notes
Turn   | Place    | Note
-------+----------+-------------------------------------------
     0 | D:1      | cbfl8 the Minotaur Chaos Knight began the quest for the
                  | Orb.
     0 | D:1      | Reached XP level 1. HP: 19/19 MP: 0/0
    35 | D:1      | XOM: silly message
   152 | D:1      | Reached skill level 4 in Axes
   222 | D:1      | Reached XP level 2. HP: 27/27 MP: 1/1
   275 | D:1      | Found a faded altar of an unknown god.
   314 | D:1      | XOM: divination: detect items
   359 | D:1      | XOM: 2-stop teleportation journey
   800 | D:2      | Reached XP level 3. HP: 33/33 MP: 2/2
   915 | D:2      | XOM: silly message
  1198 | D:2      | XOM is BORED!
  1198 | D:2      | XOM: give mutations
  1198 | D:2      | Gained mutation: Your mind is acute. (Int +2) [Xom's
                  | mischief]
  1198 | D:2      | Gained mutation: You are weak. (Str -2) [Xom's mischief]
  1198 | D:2      | Gained mutation: You are very weak. (Str -4) [Xom's
                  | mischief]
  2026 | D:3      | Reached skill level 5 in Axes
  2460 | D:3      | XOM: god gift: fine scale mail {god gift}
  2460 | D:3      | Identified the +6 scale mail "Niach" {Fly Will- Dex+6} (Xom
                  | gifted it to you on level 3 of the Dungeon)
  2648 | D:3      | Reached XP level 4. HP: 39/40 MP: 3/3
  2705 | D:3      | XOM: stat loss: -1 Str (12/13)
  2857 | D:4      | Reached XP level 5. HP: 38/47 MP: 4/4
  2938 | D:4      | XOM: divination: detect creatures
  2940 | D:4      | Noticed an orc warrior
  2940 | D:4      | XOM: enchant monster (bad)
  2948 | D:4      | Mangled by an orc warrior

Illustrated notes

Levels and vault maps discovered:
D:1:      ncdulo_watergridlock, layout_basic,
          shapermc_ecumenical_altar_notcrosses
D:2:      layout_loops_corners
D:3:      layout_basic, serial_curves, eino_curves_03, eino_curves_02,
          eino_curves_03, grunt_ministairs_11
D:4:      layout_rooms, hellmonk_ghost_happy_afterlife, st_stairs_14

Skill      XL: |  1  2  3  4 |
---------------+-------------+-----
Axes           | 4 5 |  5.8
Fighting       | 4 |  4.3
Armour         | 3 |  3.2
Dodging        | 2 |  2.1

Action                   |  1- 3 |  4- 6 || total
-------------------------+-------+-------++-------
Melee: Hand axe          |   108 |    25 ||   133
       Headbutt          |    10 |     4 ||    14
Armor: Leather armour    |    30 |       ||    30
       Scale mail        |    18 |    33 ||    51
Dodge: Dodged            |    55 |    23 ||    78
